 Dungeon Crawl Stone Soup version 0.27.0-1-g7a089689b8 (webtiles) character file.

Game seed: 12299934797162771331

3060 Delamore the Covert (level 9, -21/54 HPs)
             Began as an Octopode Brigand on Aug 9, 2021.
             Was an Initiate of Gozag.
             Killed by the air
             ... invoked by Gastronok
              (23 damage)
             ... on level 8 of the Dungeon.
             The game lasted 00:09:09 (8359 turns).

Delamore the Covert (Octopode Brigand)              Turns: 8359, Time: 00:09:09

Health: -21/54     AC:  2    Str: 17    XL:     9   Next: 87%
Magic:  9/9        EV: 16    Int: 13    God:    Gozag
Gold:   593        SH:  5    Dex: 16    Spells: 8/8 levels left

rFire    . . .     SeeInvis .   a - +3 dagger
rCold    . . .     Faith    .   s - +0 buckler
rNeg     . . .     Spirit   .   u - +1 hat
rPois    .         Reflect  .   (no amulet)
rElec    .         Harm     .   d - +6 ring of strength
rCorr    .         Rampage  .   D - ring of flight
Will     .....                  (no ring)
Stlth    +++++.....             (no ring)
HPRegen  0.18/turn              (no ring)
MPRegen  0.11/turn              (no ring)
                                (no ring)
                                (no ring)

@: flying, slowed, very slow
A: almost no armour, amphibious, 8 rings, camouflage 1, gelatinous body 1,
(nimble swimmer 1), tentacles
a: Renounce Religion, Potion Petition, Call Merchant, Bribe Branch


You were on level 8 of the Dungeon.
You worshipped Gozag.
Gozag was pleased with you.
You visited 2 branches of the dungeon, and saw 9 of its levels.
You also visited: Ossuary.

You collected 775 gold pieces.
You spent 33 gold pieces at shops.
You paid 149 gold pieces to Gozag.

Inventory:

Hand Weapons
 a - a +3 dagger (weapon)
 n - the +5 hand crossbow of Reapportionment {elec, rN+ rCorr Int+2}
   (You found it on level 3 of the Dungeon)

   Any ammunition fired from it occasionally discharges a powerful burst of
   electricity upon striking a foe.
   Int:       It affects your intelligence (+2).
   rN:        It protects you from negative energy.
   rCorr:     It protects you from acid and corrosion.
Missiles
 b - 13 poisoned darts
 w - a javelin (quivered)
Armour
 s - a +0 buckler (worn)
 u - a +1 hat (worn)
 A - a +0 kite shield
Jewellery
 d - a +6 ring of strength (left tentacle)
 D - a ring of flight (right tentacle)
Scrolls
 f - 6 scrolls of teleportation
 h - a scroll of noise
 i - 2 scrolls of enchant weapon
 l - a scroll of enchant armour
 q - 3 scrolls of amnesia
 r - a scroll of fear
 x - a scroll of torment
 y - a scroll of magic mapping
 B - 2 scrolls of identify
 E - a scroll of acquirement {unknown}
Potions
 e - 2 potions of resistance
 g - 2 potions of lignification
 j - 3 potions of heal wounds
 k - 3 potions of curing
 m - 2 potions of haste
 o - 3 potions of cancellation
 t - 2 potions of flight
 v - 2 potions of brilliance
 z - a potion of berserk rage {unknown}
 C - a potion of ambrosia {unknown}


   Skills:
 - Level 2.0 Fighting
 * Level 9.4 Short Blades
 - Level 2.0 Throwing
 + Level 6.5 Dodging
 - Level 10.0 Stealth
 - Level 4.0 Shields


You had 8 spell levels left.
You didn't know any spells.
Your spell library contained the following spells:

 Spells                   Type           Power      Damage    Failure   Level
 Animate Skeleton         Necr           0%         N/A       30%         1
 Apportation              Tloc           0%         N/A       30%         1
 Corona                   Hex            0%         N/A       30%         1
 Sandblast                Erth           0%         2d4       30%         1
 Summon Small Mammal      Summ           0%         N/A       30%         1
 Blink                    Tloc           N/A        N/A       43%         2
 Corpse Rot               Necr/Air       N/A        N/A       43%         2
 Passwall                 Tmut/Erth      0%         N/A       43%         2
 Gell's Gravitas          Tloc           0%         N/A       67%         3
 Lesser Beckoning         Tloc           0%         N/A       67%         3
 Teleport Other           Tloc           0%         N/A       67%         3
 Tukima's Dance           Hex            0%         N/A       67%         3
 Dispel Undead            Necr           0%         3d6       97%         4
 Passage of Golubria      Tloc           N/A        N/A       97%         4
 Lee's Rapid Deconstruct  Erth           0%         3d5*      100%        5
 Manifold Assault         Tloc           0%         N/A       100%        5
 Yara's Violent Unravell  Hex/Tmut       0%         3d3       100%        5
 Death Channel            Necr           0%         N/A       100%        6
 Malign Gateway           Summ/Tloc      0%         N/A       100%        7
 Summon Horrible Things   Summ           0%         N/A       100%        8


Dungeon Overview and Level Annotations

Branches:
Dungeon (8/15)             Temple (1/1) D:6         Ossuary (visited)
   Lair: D:8-11

Altars:
Ashenzari
Cheibriados
Dithmenos
Fedhas
Gozag
Kikubaaqudgha
Makhleb
Nemelex Xobeh
Okawaru
Ru
Sif Muna
Uskayaw
Wu Jian
Xom
Zin
The Shining One

Shops:
D:2 =[*(   D:6 [

Annotations:
D:8 Gastronok


Innate Abilities, Weirdness & Mutations

You cannot wear most types of armour.
You are amphibious.
You can wear up to eight rings at the same time.
Your skin changes colour to match your surroundings (Stealth+).
Your rubbery body absorbs attacks. (AC +1, EV +1)
((You are camouflaged near water. (Stealth+)))
You have tentacles for arms and can constrict up to eight enemies at once.


Message History

Gastronok's mouth opens, radula flailing wildly.
Gastronok looks at you while chanting.
You feel as though you will be slow longer.
Gastronok's eyestalks quiver as he mumbles some strange words.
Gastronok puts on a burst of speed!
Throw: 3 javelins
Press: ? - help, Q - select action, (/) - cycle Shift-Dir - straight line, f/p - Gastronok
Aim: Gastronok, wearing a +0 hat (moderately wounded, covering ground quickly, very poisoned, 93% to hit)
You throw a javelin. The javelin pierces through Gastronok!
Gastronok is moderately wounded.
Throw: 2 javelins
Press: ? - help, Q - select action, (/) - cycle Shift-Dir - straight line, f/p - Gastronok
Aim: Gastronok, wearing a +0 hat (moderately wounded, covering ground quickly, very poisoned, 93% to hit)
You throw a javelin.
The javelin pierces through Gastronok but does no damage.
Gastronok is moderately wounded.
Gastronok gurgles, "I'll eat you, I will!"
Gastronok bites you!
You feel much better. Gastronok bites you.
You hit Gastronok but do no damage.
Gastronok is heavily wounded.
You hit Gastronok. You squeeze Gastronok!
Gastronok is heavily wounded.
You hit Gastronok but do no damage.
Gastronok is heavily wounded.
You block Gastronok's attack.
You hit Gastronok.
You squeeze Gastronok, but do no damage.
Gastronok is heavily wounded.
You barely miss Gastronok.
Gastronok is heavily wounded.
You hit Gastronok. You squeeze Gastronok.
Gastronok is heavily wounded.
Gastronok bites you!!!
Ouch! That really hurt!
* * * LOW HITPOINT WARNING * * *
Gastronok waves his eye-stalks in wide circles.
The air twists around and strikes you!!
You die...
Your body crumbles into a pile of gold.

.########.#.#########...#
>((((w.$(...............#
#########.#.####........##
#.#.# #.........# #.#.#
#.....))#.## #.#.#
#......)#..#.#
#.#.####.......#..#.#####
#..............#..#......
####...w.@......#.........
+...............##.#......
####............##.#......
#.......#######.#......
#.......# #........
######### ##.......
#.>..... ##########.....
...............


You could see Gastronok (swift, poisoned).

Vanquished Creatures
  Maggie (D:8)
  A shadow (D:7)
  2 water moccasins
  2 orc warriors
  A black bear (D:5)
  A sky beast (D:5)
  2 ice beasts
  3 necrophages
  An ogre (D:5)
  2 centaurs
  3 phantoms
  2 bullfrogs
  A wyvern zombie (D:6)
  2 scorpions
  A water moccasin skeleton (D:6)
  3 wights (D:5)
  An electric eel (D:7)
  4 jellies
  A hound (D:5)
  2 iguanas (D:6)
  Jessica (D:2)
  3 orc wizards
  A hound skeleton (D:5)
  8 mummies (Ossuary)
  9 adders
  A shadow imp (D:5)
  A white imp (D:8)
  An ufetubus (D:6)
  3 worms
  3 dart slugs
  10 orcs
  5 endoplasms
  3 giant cockroaches (D:2)
  7 goblins
  7 hobgoblins
  16 jackals
  4 quokkas
  10 ball pythons
  6 bats
  4 frilled lizards
  A goblin zombie (D:6)
  4 hobgoblin zombies (Ossuary)
  4 kobolds
  2 kobold zombies (Ossuary)
  2 orc zombies (Ossuary)
  5 rats
  A rat zombie (D:6)
158 creatures vanquished.

Notes
Turn   | Place    | Note
-------+----------+-------------------------------------------
     0 | D:1      | Delamore the Octopode Brigand began the quest for the Orb.
     0 | D:1      | Reached XP level 1. HP: 14/14 MP: 1/1
    96 | D:1      | Reached XP level 2. HP: 11/19 MP: 2/2
   102 | D:1      | Reached skill level 6 in Stealth
   890 | D:1      | Reached XP level 3. HP: 20/24 MP: 3/3
  1173 | D:2      | Found Dur Atory's General Store.
  1185 | D:2      | Bought a scroll of teleportation for 33 gold pieces
  1188 | D:2      | Found Mozeowi's Antique Armour Emporium.
  1196 | D:2      | Noticed Jessica
  1204 | D:2      | Killed Jessica
  1205 | D:2      | Reached XP level 4. HP: 29/29 MP: 4/4
  1806 | D:2      | Found Jabb's Jewellery Boutique.
  1820 | D:2      | Found Leetoi's Armour Shoppe.
  1860 | D:2      | Found Zuacw's Weapon Boutique.
  2115 | D:2      | Reached skill level 7 in Stealth
  2115 | D:2      | Reached XP level 5. HP: 31/34 MP: 5/5
  2567 | D:3      | Found a sacrificial altar of Ru.
  2711 | D:3      | Noticed a phantom
  2742 | D:3      | Killed a phantom
  2743 | D:3      | Reached XP level 6. HP: 17/39 MP: 6/6
  3019 | D:3      | Found a faded altar of an unknown god.
  3366 | D:3      | Identified the +5 hand crossbow of Reapportionment {elec,
                  | rN+ rCorr Int+2}
  3650 | D:4      | Reached skill level 5 in Short Blades
  3650 | D:4      | Reached skill level 8 in Stealth
  3650 | D:4      | Reached XP level 7. HP: 45/45 MP: 7/7
  4211 | D:5      | Entered Level 5 of the Dungeon
  4618 | D:5      | Reached skill level 1 in Shields
  4859 | D:5      | Reached XP level 8. HP: 50/50 MP: 8/8
  4994 | D:5      | Reached skill level 9 in Stealth
  5231 | D:6      | Found a sand-covered staircase.
  5248 | Ossuary  | Entered an ossuary
  6023 | D:6      | Reached skill level 5 in Dodging
  6023 | D:6      | Reached XP level 9. HP: 30/54 MP: 9/9
  6419 | D:6      | Found a staircase to the Ecumenical Temple.
  6432 | Temple   | Entered the Ecumenical Temple
  6544 | Temple   | Became a worshipper of Gozag Ym Sagoz the Greedy
  6621 | D:6      | Found Qiammis's Armour Emporium.
  6747 | D:6      | Reached skill level 10 in Stealth
  8299 | D:8      | Noticed Gastronok
  8299 | D:8      | Noticed Maggie
  8318 | D:8      | Killed Maggie
  8358 | D:8      | HP: 2/54 [Gastronok (37)]
  8359 | D:8      | Killed from afar by Gastronok

Illustrated notes

Levels and vault maps discovered:
D:1:      dpeg_arrival_arbitrary_c, layout_loops_ring, serial_glass,
          glass_columns_a, glass_columns_a, minivault_19
D:2:      layout_loops_ring, serial_shops, shop_fountains, shop, shop,
          nicolae_shop_statue_plus, nicolae_shop_statue_plus, uniq_jessica
D:3:      minmay_octagon_keep, layout_rooms, nicolae_ru_awakened_eye,
          basic_ecumenical_altar, grunt_decor_junction, serial_park_tiny_1
D:4:      layout_loops_ring
D:5:      layout_basic, serial_park_tiny_1
D:6:      layout_loops_corners, minmay_temple_entry_offerings, serial_shops,
          nicolae_shop_window_shopping, enter_ossuary_4,
          hangedman_abyss_or_decor_passed, minivault_14
D:7:      statuecave_lemuel, layout_loops_ring
D:8:      layout_basic, serial_shops, shop, minmay_statues_item, uniq_gastronok,
          uniq_maggie
Temple:   nicolae_temple_the_god_donut

Skill      XL: |  1  2  3  4  5  6  7  8  9 |
---------------+----------------------------+-----
Stealth        | 6 7 8 9 10 | 10.0
Short Blades   | 3 4 5 6 7 9 |  9.4
Dodging        | 2 3 4 5 6 |  6.5
Shields        | 1 3 4 |  4.0
Fighting       | |  2.0
Throwing       | |  2.0

Action                   |  1- 3 |  4- 6 |  7- 9 || total
-------------------------+-------+-------+-------++-------
Melee: Dagger            |    64 |   123 |   207 ||   394
       Constrict         |    13 |    24 |    28 ||    65
       Tentacles         |    10 |    29 |    57 ||    96
Throw: Dart              |       |     8 |    16 ||    24
       Javelin           |       |       |    13 ||    13
Evoke: Wand              |       |       |    12 ||    12
  Use: Potion            |     1 |       |     2 ||     3
       Scroll            |       |     2 |    11 ||    13
 Stab: Sleeping          |     6 |    18 |    24 ||    48
Armor: Skin              |    12 |    11 |    10 ||    33
Dodge: Dodged            |    37 |    55 |    74 ||   166
Block: Buckler           |       |       |    27 ||    27
